 Dungeon Crawl Stone Soup version 0.20.1-1-g8b1a95d (webtiles) character file.

1679 panicbit the Cleaver (level 8, -1/70 HPs)
             Began as a Minotaur Fighter on Oct 3, 2017.
             Was an Initiate of Okawaru.
             Slain by a wight
             ... wielding a +3 halberd
              (6 damage)
             ... on level 7 of the Dungeon.
             The game lasted 00:17:24 (4496 turns).

panicbit the Cleaver (Minotaur Fighter)             Turns: 4496, Time: 00:17:25

Health: -1/70      AC: 10    Str: 27    XL:     8   Next: 70%
Magic:  7/7        EV:  8    Int:  5    God:    Okawaru [......]
Gold:   25         SH: 12    Dex: 11    Spells: 7/7 levels left

rFire    . . .     SeeInvis .   a - +0 war axe
rCold    . . .     Gourm    .   c - +1 shield
rNeg     . . .     Faith    .   r - +0 chain mail
rPois    .         Spirit   .   (helmet restricted)
rElec    .         Reflect  .   (no cloak)
rCorr    .         Harm     .   (no gloves)
MR       +....                  (no boots)
Stlth    ..........             (no amulet)
Regen    0.3/turn               m - ring of protection from magic
MPRegen  0.1/turn               (no ring)

@: mighty, drained
A: retaliatory headbutt, horns 2
a: Renounce Religion


You were on level 7 of the Dungeon.
You worshipped Okawaru.
Okawaru was noncommittal.
You were not hungry.

You visited 2 branches of the dungeon, and saw 8 of its levels.

You collected 193 gold pieces.
You spent 168 gold pieces at shops.

Inventory:

Hand Weapons
 a - a +0 war axe (weapon)
Armour
 c - a +1 shield (worn)
 r - a +0 chain mail (worn)
Jewellery
 m - a ring of protection from magic (left hand)
Wands
 y - a wand of polymorph (5/24)
Scrolls
 b - a scroll of magic mapping {unknown}
 h - 3 scrolls of acquirement {unknown}
 i - 2 scrolls of identify
 n - a scroll of noise {unknown}
 p - 2 scrolls of enchant armour
 q - 2 scrolls of enchant weapon
 u - 2 scrolls of remove curse
 v - 3 scrolls of teleportation {unknown}
 w - a scroll of blinking {unknown}
 x - a scroll of recharging {unknown}
 z - a scroll of amnesia
 B - a scroll of vulnerability {unknown}
Potions
 e - 3 potions of flight
 k - 2 potions of mutation {unknown}
 l - a potion of cancellation {unknown}
 o - a potion of magic {unknown}
 s - 2 potions of curing {unknown}
 t - a potion of ambrosia {unknown}
Comestibles
 f - 6 bread rations
 g - 3 meat rations
 j - 6 fruits
 A - 6 chunks of flesh


   Skills:
 + Level 5.7(5.1) Fighting
 + Level 8.8(8.1) Axes
 + Level 7.3(6.7) Armour
 + Level 3.0(2.4) Dodging
 + Level 0.1(0.0) Stealth
 + Level 6.7(6.1) Shields


You had 7 spell levels left.
You didn't know any spells.

Dungeon Overview and Level Annotations

Branches:
Dungeon (7/15)             Temple (1/1) D:6

Altars:
Ashenzari
Cheibriados
Dithmenos
Elyvilon
Fedhas
Gozag
Hepliaklqana
Kikubaaqudgha
Makhleb
Nemelex Xobeh
Okawaru
Qazlal
Ru
Sif Muna
Trog
Uskayaw
Vehumet
Xom
Zin
The Shining One

Shops:
D:5 *?[(=


Innate Abilities, Weirdness & Mutations

You reflexively headbutt those who attack you in melee.
You have a pair of horns on your head.


Message History

The wight hits you but does no damage.
The wight hits you from afar with an enchanted halberd.
* * * LOW HITPOINT WARNING * * *
You block the adder zombie's attack.
You see here 18 stones.
You feel very mighty all of a sudden. You block the wight's attack.
The adder zombie barely misses you. You furiously retaliate!
You headbutt the adder zombie. You block the orc warrior's attack.
You slice the orc warrior!!
You kill the orc warrior!
Okawaru accepts your kill.
Your base Dodging skill increases to level 3!
You slash the adder zombie! You block the wight's attack.
You block the adder zombie's attack.
You closely miss the orc. Your headbutt misses the orc.
You closely miss the adder zombie. You block the adder zombie's attack.
You block the orc's attack.
The wight hits you from afar with an enchanted halberd.
You die...

### ..# #.# #.# ###
<. #)###>...
....###o)z.....
..#...Zo^######
.=...##@## ..... #(#
..#
......#.##########..#
?.#.#...............#
. #.....#.#######..#
##....#.# #..##
#...###.#######...#
$.....(.............#
?#.########.#.......#


You could see a wight, 2 orcs and an adder zombie.

Vanquished Creatures
  Grinder (D:5)
  Sigmund (D:3)
  Eustachio (D:5)
  An orc warrior (D:7)
  3 phantoms
  A centaur (D:5)
  A bullfrog (D:6)
  2 scorpions
  A wight (D:7)
  A hound (D:7)
  A jelly (D:5)
  2 iguanas (D:5)
  5 worker ants
  A hound zombie (D:5)
  13 adders
  8 river rats (D:6)
  2 oozes
  3 leopard geckos
  5 orcs
  A ball python (D:3)
  13 bats
  7 giant cockroaches
  7 hobgoblins
  9 jackals
  A quokka (D:6)
  5 frilled lizards
  11 goblins
  10 kobolds
  A leopard gecko zombie (D:7)
  20 rats
138 creatures vanquished.

Notes
Turn   | Place    | Note
-------+----------+-------------------------------------------
     0 | D:1      | panicbit the Minotaur Fighter began the quest for the Orb.
     0 | D:1      | Reached XP level 1. HP: 19/19 MP: 0/0
   213 | D:1      | Reached XP level 2. HP: 27/27 MP: 1/1
   701 | D:1      | Reached XP level 3. HP: 33/33 MP: 2/2
   846 | D:2      | Found a faded altar of an unknown god.
   941 | D:2      | Found an opulent altar of Gozag.
   986 | D:2      | Found a shadowy altar of Dithmenos.
  1301 | D:3      | Noticed Sigmund
  1336 | D:3      | Reached skill level 3 in Axes
  1336 | D:3      | Reached XP level 4. HP: 38/40 MP: 3/3
  1593 | D:3      | Killed Sigmund
  1593 | D:3      | Reached skill level 4 in Axes
  1593 | D:3      | Reached skill level 5 in Armour
  1593 | D:3      | Reached skill level 1 in Dodging
  1593 | D:3      | Reached skill level 5 in Shields
  1593 | D:3      | Reached XP level 5. HP: 18/47 MP: 4/4
  1856 | D:3      | Reached XP level 6. HP: 52/53 MP: 5/5
  2285 | D:3      | Found an ancient bone altar of Kikubaaqudgha.
  2401 | D:4      | Reached skill level 5 in Axes
  2610 | D:4      | Found a radiant altar of Vehumet.
  2817 | D:4      | Reached XP level 7. HP: 51/60 MP: 6/6
  2937 | D:5      | Entered Level 5 of the Dungeon
  2937 | D:5      | Found Iwkenk's Jewellery Boutique.
  2937 | D:5      | Noticed Grinder
  2938 | D:5      | Noticed Eustachio
  2949 | D:5      | Killed Grinder
  2949 | D:5      | Reached skill level 5 in Fighting
  2949 | D:5      | Reached skill level 6 in Axes
  2986 | D:5      | Killed Eustachio
  2986 | D:5      | Reached skill level 7 in Axes
  3173 | D:5      | Found Axig Zaid's Weapon Shoppe.
  3198 | D:5      | Reached XP level 8. HP: 32/68 MP: 7/7
  3231 | D:5      | Found Woawuwn's Assorted Antiques.
  3250 | D:5      | Bought a scroll labeled WUMILO FOOXEJ for 28 gold pieces
  3250 | D:5      | Bought a scroll labeled YTENNUNOSM for 28 gold pieces
  3250 | D:5      | Bought a scroll labeled BIJERE FOS NESI for 28 gold pieces
  3250 | D:5      | Bought a scroll labeled ECKURE XUOHASK for 28 gold pieces
  3250 | D:5      | Bought a scroll labeled WUMILO FOOXEJ for 28 gold pieces
  3250 | D:5      | Bought a scroll labeled UPAENA SIVUDUY for 28 gold pieces
  3255 | D:5      | Found Poihued's Magic Scroll Shoppe.
  3287 | D:5      | Found Anaefeoz's Antique Armour Shop.
  3923 | D:6      | Found a staircase to the Ecumenical Temple.
  3962 | Temple   | Entered the Ecumenical Temple
  3987 | Temple   | Became a worshipper of Warmaster Okawaru
  4156 | D:6      | Reached skill level 8 in Axes
  4303 | D:6      | Found a bloodstained altar of Trog.
  4310 | D:6      | Found a stormy altar of Qazlal.
  4310 | D:6      | Found a shimmering altar of Xom.
  4315 | D:6      | Found a glowing silver altar of Zin.
  4317 | D:6      | Found a glowing golden altar of the Shining One.
  4318 | D:6      | Found a hazy altar of Hepliaklqana.
  4496 | D:7      | Slain by a wight

Skill      XL: |  1  2  3  4  5  6  7  8 |
---------------+-------------------------+-----
Armour         | 4 5 6 7 |  7.3
Shields        | 4 5 6 |  6.7
Fighting       | 4 5 |  5.7
Axes           | 3 4 5 7 8 |  8.8
Dodging        | 1 2 3 |  3.0
Stealth        | |  0.1

Action                   |  1- 3 |  4- 6 |  7- 9 || total
-------------------------+-------+-------+-------++-------
Melee: War axe           |    84 |   116 |   151 ||   351
       Headbutt          |    10 |    21 |    24 ||    55
  Use: Scroll            |       |       |     7 ||     7
       Potion            |       |       |     1 ||     1
  Eat: Chunk             |     1 |     5 |     6 ||    12
Armor: Scale mail        |    26 |    36 |    41 ||   103
       Chain mail        |       |       |    46 ||    46
Dodge: Dodged            |    33 |    42 |    66 ||   141
Block: Shield            |    43 |    61 |   115 ||   219
